 Dungeon Crawl Stone Soup version 0.25-a0-523-g9afb2ee040 (webtiles) character file.

Game seed: 12565920358486662609, levelgen mode: deterministic

253 Flugslaktarn the Chopper (level 5, -14/49 HPs)
             Began as a Deep Dwarf Fighter on Feb 18, 2020.
             Demolished by an ogre
             ... wielding a +0 giant spiked club
              (16 damage)
             ... on level 4 of the Dungeon.
             The game lasted 00:01:01 (960 turns).

Flugslaktarn the Chopper (Deep Dwarf Fighter)        Turns: 960, Time: 00:01:02

Health: -14/49     AC: 13    Str: 21    XL:     5   Next: 90%
Magic:  3/3        EV:  4    Int:  8    God:
Gold:   87         SH:  9    Dex: 12    Spells: 4/4 levels left

rFire    . . .     SeeInvis .   a - +0 war axe
rCold    . . .     Gourm    .   c - +0 kite shield
rNeg     . . .     Faith    .   n - +0 plate armour
rPois    .         Spirit   .   (no helmet)
rElec    .         Reflect  .   (no cloak)
rCorr    .         Harm     .   (no gloves)
MR       .....                  i - +0 pair of boots
Stlth    ..........             (no amulet)
HPRegen  0.00/turn              (no ring)
MPRegen  0.08/turn              (no ring)

@: non-regenerating
A: damage resistance, heal wounds, sense surroundings 1, no regeneration
a: Heal Wounds


You were on level 4 of the Dungeon.
You were not hungry.

You visited 1 branch of the dungeon, and saw 4 of its levels.

You collected 87 gold pieces.

Inventory:

Hand Weapons
 a - a +0 war axe (weapon)
Missiles
 q - a throwing net (quivered)
Armour
 b - a +0 scale mail
 c - a +0 kite shield (worn)
 i - a +0 pair of boots (worn)
   (You found it on level 1 of the Dungeon)
 n - a +0 plate armour (worn)
   (You found it on level 2 of the Dungeon)
Jewellery
 k - an uncursed ring of fire {unknown}
   (You found it on level 1 of the Dungeon)
 o - an uncursed ring of magical power {unknown}
   (You found it on level 2 of the Dungeon)
Scrolls
 f - 2 scrolls of remove curse {unknown}
 h - 5 scrolls of identify {unknown}
 j - a scroll of blinking {unknown}
 l - a scroll of teleportation {unknown}
 m - a scroll of enchant armour {unknown}
 p - a scroll of enchant weapon {unknown}
Potions
 d - 4 potions of might
 r - a potion of flight {unknown}
Comestibles
 e - 4 rations
 g - 8 chunks of flesh


   Skills:
 + Level 3.6 Fighting
 * Level 4.6 Axes
 + Level 4.3 Armour
 + Level 4.3 Shields


You had 4 spell levels left.
You didn't know any spells.
Your spell library was empty.

Dungeon Overview and Level Annotations

Branches:
Dungeon (4/15)
 Temple: D:4-7

Altars:


Innate Abilities, Weirdness & Mutations

You are resistant to damage.
You can heal yourself by infusing magical energy.
You passively map a small area around you.
You do not regenerate.


Message History

Your plate armour prevents you from hitting the orc wizard.
The orc wizard is heavily wounded.
You slash the ogre!
Your shield and plate armour prevent you from hitting the phantom.
You block the phantom's attack. You block the orc wizard's attack.
The ogre hits you with a +0 giant spiked club.
* * * LOW HITPOINT WARNING * * *
You block the phantom's attack.
The orc wizard hits you but does no damage.
You are too injured to fight recklessly!
You hit the orc wizard.
The orc wizard is severely wounded.
Your shield and plate armour prevent you from hitting the phantom.
You slash the ogre! The ogre hits you but does no damage.
The phantom hits you but does no damage.
The orc wizard hits you but does no damage.
You fail to use your ability.
You block the phantom's attack.
The orc wizard hits you but does no damage.
The ogre hits you with a +0 giant spiked club!
You die...

#. ###*** # *, #.# #..
#.# ###.#*** , * #.#
#..!. ,, , #.# #.#.# **
### * #.# #.#.# ##..
#.###.#.# ##.#.
####.###W##..).#####)###
,
......O@o....)........##
*
###...#####...#######'##
..../ , ##.## #≈≈≈.≈≈
###., * #.# #≈..≈.. *, #
,* * #.# #≈..... * #.#
#≈≈...≈ , * * #.#
#≈..[.. , ,, .?# #≈..≈..
* , * *###* #≈≈≈≈≈≈


You could see a phantom, an ogre and an orc wizard.

Vanquished Creatures
  An ogre (D:4)
  An orc priest (D:4)
  An orc wizard (D:3)
  A worker ant (D:4)
  3 adders (D:2)
  An ooze (D:1)
  3 worms
  A dart slug (D:3)
  A leopard gecko (D:3)
  4 orcs
  6 bats
  5 goblins
  4 hobgoblins
  4 jackals (D:2)
  2 quokkas (D:3)
  2 frilled lizards
  A kobold (D:1)
  4 rats
45 creatures vanquished.

Notes
Turn   | Place    | Note
-------+----------+-------------------------------------------
     0 | D:1      | Flugslaktarn the Deep Dwarf Fighter began the quest for the
                  | Orb.
     0 | D:1      | Reached XP level 1. HP: 20/20 MP: 1/1
   125 | D:1      | Reached XP level 2. HP: 22/27 MP: 2/2
   309 | D:2      | Reached XP level 3. HP: 20/34 MP: 3/3
   558 | D:3      | Reached XP level 4. HP: 32/42 MP: 4/4
   843 | D:4      | Reached XP level 5. HP: 39/49 MP: 4/4
   887 | D:4      | Noticed an ogre
   900 | D:4      | Killed an ogre
   916 | D:4      | Noticed a phantom
   944 | D:4      | Noticed an ogre
   958 | D:4      | HP: 2/49 [ogre/+0 giant spiked club (4)]
   960 | D:4      | Demolished by an ogre

Levels and vault maps discovered:
D:1:      evilmike_arrival_plus, layout_rooms
D:2:      layout_loops_cross, marbit_many_paths, serial_glass, glass_columns_b,
          glass_columns_c, chequers_mini_garden, hex_large,
          chequers_serial_rivers_small_3, uniq_crazy_yiuf_cottage
D:3:      layout_basic, chequers_serial_rivers_micro_c
D:4:      layout_loops_ring, kennysheep_generic_room_10

Skill      XL: |  1  2  3  4 |
---------------+-------------+-----
Axes           | 3 4 |  4.6
Fighting       | 3 |  3.6
Armour         | 4 |  4.3
Shields        | 4 |  4.3

Action                   |  1- 3 |  4- 6 || total
-------------------------+-------+-------++-------
Melee: War axe           |   115 |    82 ||   197
 Abil: Heal Wounds       |     2 |     8 ||    10
  Eat: Chunk             |       |     1 ||     1
Armor: Scale mail        |    67 |       ||    67
       Plate armour      |     3 |    59 ||    62
Dodge: Dodged            |    45 |    17 ||    62
Block: Kite shield       |    81 |    45 ||   126

Table legend:
 A = Non-vault XP
 B = Vault XP
 C = Vault XP percentage of total XP
 D = Non-vault monster count
 E = Vault monster count
 F = Vault count percentage of total count
                 A         B        C        D         E       F
            +---------+---------+-------+---------+---------+-------
      Total |     362 |       0 |   0.0 |      45 |       0 |   0.0
            +---------+---------+-------+---------+---------+-------
        D:1 |      24 |       0 |   0.0 |      11 |       0 |   0.0
        D:2 |      64 |       0 |   0.0 |      15 |       0 |   0.0
        D:3 |      72 |       0 |   0.0 |      14 |       0 |   0.0
        D:4 |     202 |       0 |   0.0 |       5 |       0 |   0.0
            +---------+---------+-------+---------+---------+-------
